 Dungeon Crawl Stone Soup version 0.24.0-13-gcf9b3192b9 (webtiles) character file.

Game seed: 8023122226310357779, levelgen mode: deterministic

95 Matador8 the Sneak (level 4, 0/36 HPs)
             Began as a Naga Ice Elementalist on Nov 7, 2019.
             Slain by Grinder (8 damage)
             ... on level 3 of the Dungeon.
             The game lasted 00:13:23 (2280 turns).

Matador8 the Sneak (Naga Ice Elementalist)          Turns: 2280, Time: 00:13:23

Health: 0/36       AC:  4    Str: 10    XL:     4   Next: 66%
Magic:  0/7        EV: 10    Int: 17    God:
Gold:   183        SH:  0    Dex: 13    Spells: 5/8 levels left

rFire    . . .     SeeInvis +   e - +0 mace
rCold    . . .     Gourm    .   (no shield)
rNeg     . . .     Faith    .   a - +0 robe
rPois    +         Spirit   .   (no helmet)
rElec    .         Reflect  .   (no cloak)
rCorr    .         Harm     .   (no gloves)
MR       +....                  (no barding)
Stlth    +++.......             (no amulet)
HPRegen  0.12/turn              (no ring)
MPRegen  0.10/turn              (no ring)

@: very slightly contaminated, very slow
A: large, slimy green scales 1, thin skeletal structure 1, see invisible,
deformed body, low mp 1, magic resistance 1, poison resistance, slowness 2, slow
metabolism 1, spit poison 1, AC +1
a: Spit Poison


You were on level 3 of the Dungeon.
You were hungry.

You visited 1 branch of the dungeon, and saw 3 of its levels.

You collected 183 gold pieces.

Inventory:

Hand Weapons
 e - a +0 mace (weapon)
Armour
 a - a +0 robe (worn)
Scrolls
 b - a scroll of amnesia
 d - a scroll of noise {unknown}
 f - 2 scrolls of identify
 g - a scroll of teleportation {unknown}
 k - a scroll of random uselessness {unknown}
 n - a scroll of blinking {unknown}
 o - a scroll of magic mapping {unknown}
Potions
 i - 3 potions of curing
 j - a potion of lignification {unknown}
 l - a potion of brilliance {unknown}
 m - a potion of ambrosia {unknown}
 q - a potion of degeneration {unknown}
Comestibles
 c - 4 rations
 p - 2 chunks of flesh


   Skills:
 - Level 1.5 Dodging
 + Level 4.3 Stealth
 - Level 2.9 Spellcasting
 + Level 1.3 Conjurations
 * Level 4.0 Ice Magic


You had 5 spell levels left.
You knew the following spells:

 Your Spells              Type           Power        Failure   Level  Hunger
a - Freeze                Ice            ###.         3%          1    None
b - Throw Frost           Conj/Ice       ##....       9%          2    ##.....

Your spell library contained the following spells:

 Spells                   Type           Power        Failure   Level  Hunger
 Ozocubu's Armour         Chrm/Ice       #.......     22%         3    ###....
 Throw Icicle             Conj/Ice       ##......     50%         4    ####...
 Summon Ice Beast         Ice/Summ       #.......     58%         4    ####...


Dungeon Overview and Level Annotations

Branches:
Dungeon (3/15)

Altars:

Annotations:
D:2 1 runed translucent door, Crazy Yiuf
D:3 Grinder


Innate Abilities, Weirdness & Mutations

You cannot wear boots.
Your serpentine skin is tough. (AC +1)
You have supernaturally acute eyesight. (SInv)
Armour fits poorly on your strangely shaped body.
Your system is resistant to poisons. (rPois)
You cover ground very slowly.
You have a slow metabolism.
You can spit poison.
You are partially covered in slimy green scales. (AC +2)
You have a somewhat thin skeletal structure. (Dex +2, Stealth)
Your magical capacity is low. (-10% MP)
You are resistant to hostile enchantments. (MR+)


Message History

It is a scroll of identify.
b - a scroll of amnesia Grinder says, "DUCK!"
Grinder hits you!
It was a potion of mutation.
You feel extremely strange.
You feel resistant to hostile enchantments.
Slimy green scales grow over part of your body.
You feel less energetic.
Your bones become slightly less dense.
Grinder hits you!
Unknown command.
You barely miss Grinder. Grinder hits you.
* * * LOW HITPOINT WARNING * * *
You writhe in agony.
* * * LOW HITPOINT WARNING * * *
Grinder says, "FISH!"
Grinder closely misses you.
You closely miss Grinder.
You have got your breath back.
Grinder hits you!
You die...

..........#
#..........#
..........#
#÷##########
.........##
#.#
..#.....##
#.#
..##...## ##
#.# ##.# #.#
##>..##.#
##.....#÷#
#.....@..#
......5...#
.........##
.##.....##
##...## ##.#
##


You could see Grinder.

Vanquished Creatures
  A worker ant (D:3)
  3 adders
  A worm (D:3)
  A dart slug (D:1)
  A leopard gecko (D:2)
  6 bats
  3 giant cockroaches
  4 goblins
  5 hobgoblins
  3 jackals (D:3)
  4 frilled lizards
  3 kobolds
  5 rats
40 creatures vanquished.

Notes
Turn   | Place    | Note
-------+----------+-------------------------------------------
     0 | D:1      | Matador8 the Naga Ice Elementalist began the quest for the
                  | Orb.
     0 | D:1      | Reached XP level 1. HP: 15/15 MP: 3/3
   264 | D:1      | Reached XP level 2. HP: 22/22 MP: 1/5
   838 | D:1      | Learned a level 2 spell: Throw Frost
   913 | D:2      | Reached XP level 3. HP: 19/28 MP: 1/6
  1600 | D:2      | Found a runed translucent door.
  1601 | D:2      | Noticed Crazy Yiuf
  2001 | D:3      | Reached XP level 4. HP: 17/36 MP: 3/8
  2265 | D:3      | Noticed Grinder
  2265 | D:3      | Paralysed by Grinder for 4 turns
  2278 | D:3      | Gained mutation: You are resistant to hostile enchantments.
                  | (MR+) [potion of mutation]
  2278 | D:3      | Gained mutation: You are partially covered in slimy green
                  | scales. (AC +2) [potion of mutation]
  2278 | D:3      | Gained mutation: Your magical capacity is low. (-10% MP)
                  | [potion of mutation]
  2278 | D:3      | Gained mutation: You have a somewhat thin skeletal
                  | structure. (Dex +2, Stealth) [potion of mutation]
  2280 | D:3      | Slain by Grinder

Levels and vault maps discovered:
D:1:      lordsloth_arrival_two_stooges, layout_rooms
D:2:      layout_rooms, serial_bayou_pond_e, uniq_crazy_yiuf_cottage
D:3:      layout_loops_ring, first_ration, makhleb_altar_promises_db,
          uniq_grinder

Skill      XL: |  1  2  3  4 |
---------------+-------------+-----
Stealth        | 4 |  4.3
Ice Magic      | 4 |  4.0
Dodging        | |  1.5
Spellcasting   | |  2.9
Conjurations   | |  1.3

Action                   |  1- 3 |  4- 6 || total
-------------------------+-------+-------++-------
Melee: Unarmed           |     2 |       ||     2
       Mace              |    36 |     8 ||    44
 Cast: Freeze            |    42 |     4 ||    46
       Throw Frost       |     1 |     4 ||     5
 Abil: Spit Poison       |    13 |     8 ||    21
  Use: Potion            |       |     2 ||     2
       Scroll            |       |     1 ||     1
  Eat: Chunk             |     3 |     1 ||     4
Armor: Robe              |    15 |     3 ||    18
Dodge: Dodged            |    49 |    13 ||    62
